Map: 필러스 오브 골드 - 래더

Players

LiquidClem (Clem)

  • Race: Terran Terran
  • Spawn Location: 7:00

ByuN - Winner!

  • Race: Terran Terran
  • Spawn Location: 1:00

Event: StayAtHome Story Cup #3

VOD

Have the link to the VOD?

Description

Time

  • Played on: March 11, 2021, 8:03 a.m.
  • Length: 12:41

All games in this series

Show
View Real Time Build Order
Export as new Build Order

LiquidClem Terran 

Build Orders: Reaper Expand 

Get SALT Encoding   

  12  0:02  SCV  
  13  0:14  SCV  
  13  0:18  Supply Depot  
  14  0:26  SCV  
  15  0:39  SCV  
  15  0:41  Barracks  
  16  0:45  Refinery  
  16  0:51  SCV  
  17  1:04  SCV  
  18  1:16  SCV  
  19  1:28  Reaper, Orbital Command  
  20  1:45  Command Center  
  20  1:53  SCV  
  21  1:59  Marine  
  21  2:00  Supply Depot  
  22  2:05  SCV  
  23  2:12  Factory  
  23  2:21  SCV, Marine  
  25  2:25  Bunker  
  25  2:31  Refinery  
  25  2:33  SCV  
  26  2:39  Marine  
  27  2:45  SCV  
  28  2:57  Factory Tech Lab  
  28  2:58  Barracks Reactor, Orbital Command  
  28  3:00  SCV  
  28  3:05  Starport  
  29  3:12  SCV  
  30  3:20  Cyclone  
  30  3:24  SCV x2  
  30  3:25  Refinery  
  35  3:30  Supply Depot  
  35  3:34  Marine x2  
  35  3:36  SCV x2  
  39  3:42  Starport Tech Lab  
  39  3:49  SCV x2  
  39  3:52  Marine, Siege Tank  
  39  3:54  Marine  
  46  3:57  Supply Depot  
  46  4:01  SCV x2  
  48  4:06  Banshee  
  51  4:12  Marine x2  
  51  4:13  SCV  
  54  4:18  SCV  
  54  4:25  SCV, Siege Tank  
  54  4:30  SCV  
  59  4:32  Marine  
  59  4:37  SCV  
  51  4:42  SCV  
  51  4:43  Marine  
  50  4:49  SCV, Raven, Supply Depot  
  50  4:50  Marine  
  54  4:59  Command Center  
  54  5:07  Supply Depot  
  54  5:10  SCV x2, Marine, Siege Tank  
  60  5:18  Barracks  
  60  5:19  Barracks  
  60  5:23  SCV x2  
  62  5:35  SCV x2  
  64  5:37  Supply Depot  
  64  5:41  Marine  
  65  5:45  Siege Tank  
  65  5:46  Supply Depot  
  65  5:47  SCV x2  
  68  5:56  Starport Reactor, Stimpack  
  68  5:59  SCV x2  
  68  6:00  Refinery  
  68  6:01  Supply Depot  
  70  6:07  Marine  
  74  6:11  SCV x2  
  74  6:12  Orbital Command  
  74  6:16  Barracks Reactor  
  74  6:17  Barracks Reactor  
  72  6:20  Barracks x2  
  72  6:21  Siege Tank  
  72  6:23  SCV x2  
  70  6:25  Marine  
  71  6:33  Orbital Command  
  71  6:35  SCV x2  
  71  6:38  Viking x2  
  78  6:43  Marine  
  78  6:47  SCV x2  
  78  6:52  Marine x2, Engineering Bay x2  
  78  6:53  Marine  
  78  6:54  Marine  
  83  6:57  Siege Tank  
  83  6:59  SCV  
  83  7:01  Marine  
  88  7:03  SCV  
  90  7:10  Refinery, Marine  
  90  7:12  Refinery, Supply Depot  
  90  7:13  Marine  
  93  7:16  Barracks Reactor x2  
  93  7:17  Medivac x2  
  93  7:19  Marine  
  93  7:22  SCV x3, Supply Depot  
  100  7:26  Terran Infantry Weapons Level 1  
  100  7:27  Marine  
  101  7:32  Supply Depot  
  101  7:33  Marine x2  
  101  7:35  Terran Infantry Armor Level 1  
  103  7:38  Supply Depot  
  103  7:39  Marine x2  
  103  7:40  SCV  
  102  7:45  Marine, Siege Tank  
  102  7:51  Marine x2  
  100  7:52  SCV  
  100  7:54  Marine  
  100  7:56  Marine  
  100  7:57  SCV, Marine x2  
  103  8:02  Marine  
  93  8:06  SCV, Marine  
  93  8:08  SCV  
  93  8:11  Marine x3  
  93  8:12  Marine  
  94  8:13  Medivac x2  
  94  8:14  Marine  
  94  8:15  SCV  
  94  8:18  Marine, Siege Tank  
  94  8:19  Supply Depot  
  104  8:22  Marine  
  104  8:23  SCV x2  
  104  8:25  Marine  
  108  8:27  SCV, Marine  
  110  8:35  SCV  
  110  8:39  Marine x6  
  117  8:44  Supply Depot  
  117  8:49  SCV x2, Armory  
  117  8:52  SCV  
  123  8:56  Marine  
  123  9:01  SCV  
  123  9:02  SCV  
  123  9:03  Combat Shield  
  123  9:08  Marine x2  
  123  9:09  SCV  
  126  9:11  Marine  
  126  9:13  Factory Tech Lab  
  126  9:15  SCV  
  126  9:16  Supply Depot  
  128  9:17  Marine x2, Supply Depot  
  128  9:26  Marine  
  128  9:28  Marine x3  
  128  9:30  Marine  
  133  9:33  Medivac x2, Siege Tank  
  133  9:34  Marine  
  133  9:37  Supply Depot  
  141  9:39  Marine  
  141  9:40  Marine  
  141  9:41  Refinery, Marine  
  144  9:48  Marine x2  
  144  9:50  Marine x2  
  144  9:51  Marine  
  144  9:52  Marine  
  150  9:57  Marine  
  150  9:58  Supply Depot  
  150  10:00  Terran Infantry Weapons Level 2  
  150  10:04  Terran Infantry Armor Level 2  
  149  10:07  Marine x2  
  149  10:08  Marine  
  149  10:12  Siege Tank  
  155  10:21  Marine  
  142  10:24  Marine  
  142  10:27  Marine  
  123  10:32  Marine  
  123  10:35  Marine  
  122  10:36  Marine x2  
  121  10:42  Marine  
  121  10:44  Siege Tank  
  121  10:47  Orbital Command  
  125  10:57  Medivac  
  123  11:08  Marine x2  
  123  11:14  Marine  
  124  11:24  Siege Tank  
  127  11:34  Marine x2  
  127  11:35  Marine  
  127  11:38  Marine x2  
  132  11:46  Marine x2  
  134  11:52  Orbital Command  
  134  11:53  Marine x2  
  134  11:54  Marine x2  
  129  11:56  SCV  
  129  11:58  SCV  
  124  12:03  Siege Tank  
  124  12:08  Marine x2  
  124  12:09  Marine x2  
  124  12:13  Marine x2  
Show
View Real Time Build Order
Export as new Build Order

ByuN Terran - Winner!

Build Orders:  

Get SALT Encoding   

  12  0:00  SCV  
  13  0:12  SCV  
  14  0:17  Supply Depot  
  14  0:24  SCV  
  15  0:39  SCV  
  15  0:40  Barracks  
  16  0:44  Refinery  
  16  0:51  SCV  
  16  0:55  Refinery  
  17  1:03  SCV  
  18  1:15  SCV  
  19  1:27  Reaper, Orbital Command  
  19  1:28  Supply Depot  
  20  1:43  Factory  
  20  1:53  SCV  
  21  1:59  Reaper  
  22  2:05  SCV  
  23  2:17  SCV  
  24  2:23  Command Center  
  24  2:29  Hellion  
  26  2:30  SCV  
  26  2:34  Barracks Reactor  
  27  2:43  Starport  
  27  2:45  SCV  
  28  2:51  Supply Depot  
  28  2:58  SCV, Factory Tech Lab  
  29  3:10  SCV  
  29  3:12  Marine  
  31  3:13  Marine  
  31  3:18  Siege Tank  
  35  3:22  SCV  
  35  3:23  Medivac  
  39  3:35  Marine x2  
  39  3:36  Orbital Command  
  39  3:39  SCV  
  41  3:42  Refinery  
  41  3:53  SCV, Marine x2  
  44  3:58  Factory Tech Lab  
  44  4:00  Supply Depot  
  44  4:04  Raven  
  44  4:05  SCV x2  
  48  4:11  Marine x2  
  50  4:17  SCV  
  50  4:18  SCV  
  52  4:25  Siege Tank  
  52  4:29  SCV  
  52  4:30  SCV  
  51  4:40  Marine  
  51  4:41  SCV, Marine  
  51  4:42  SCV  
  55  4:46  Supply Depot  
  55  4:47  Raven  
  55  4:52  Barracks  
  57  4:54  SCV x2  
  57  4:57  Cyclone  
  62  5:08  SCV x2, Marine x2  
  62  5:10  Supply Depot  
  66  5:20  SCV x2  
  68  5:24  Command Center  
  66  5:30  Marine x2  
  66  5:32  SCV  
  67  5:35  SCV  
  67  5:39  Starport Reactor, Siege Tank  
  71  5:44  SCV  
  71  5:48  SCV  
  73  5:56  SCV, Marine, Stimpack  
  75  6:00  Refinery, SCV  
  76  6:05  Supply Depot  
  76  6:06  Supply Depot  
  76  6:08  SCV  
  77  6:12  SCV  
  77  6:17  Siege Tank  
  78  6:23  SCV  
  78  6:25  SCV, Marine  
  77  6:26  Marine, Medivac  
  77  6:29  Medivac  
  81  6:34  Engineering Bay x2  
  81  6:35  SCV  
  81  6:37  SCV  
  81  6:38  Supply Depot  
  83  6:42  Marine  
  83  6:43  Barracks, Marine  
  85  6:47  SCV  
  85  6:49  SCV  
  87  6:54  Marine  
  87  6:55  Siege Tank  
  87  6:59  SCV  
  87  7:00  Orbital Command, Marine  
  93  7:02  SCV  
  93  7:04  Terran Infantry Weapons Level 1, Missile Turret  
  93  7:05  Missile Turret  
  93  7:06  Terran Infantry Armor Level 1  
  94  7:10  Marine  
  94  7:11  SCV  
  94  7:12  Marine  
  94  7:14  SCV  
  98  7:20  Starport Reactor  
  97  7:23  SCV  
  97  7:26  SCV, Barracks  
  97  7:27  SCV, Barracks  
  100  7:31  Marine x3  
  100  7:34  Siege Tank  
  100  7:35  SCV  
  107  7:38  SCV  
  107  7:39  SCV  
  107  7:41  Marine x2  
  111  7:49  Marine x3  
  111  7:59  Marine x2  
  111  8:01  SCV x3  
  110  8:06  Siege Tank  
  110  8:07  Marine x3  
  110  8:11  Refinery  
  110  8:12  Refinery  
  112  8:13  SCV x3  
  112  8:16  Marine x2  
  117  8:23  Marine x2  
  117  8:25  SCV, Marine x3, Command Center  
  117  8:26  SCV  
  115  8:36  Combat Shield, Supply Depot  
  115  8:38  Barracks Reactor  
  115  8:39  Barracks Reactor  
  115  8:41  Marine x2  
  117  8:43  Armory, Sensor Tower  
  117  8:45  Marine x2  
  117  8:46  Marine  
  117  8:57  Factory, Viking x2, Siege Tank  
  117  8:58  Marine  
  117  9:00  Marine  
  126  9:03  Marine x2  
  126  9:06  Marine  
  129  9:12  Supply Depot  
  129  9:13  Supply Depot  
  129  9:16  Marine  
  130  9:18  Marine  
  130  9:21  Marine x2  
  133  9:26  Supply Depot x2  
  133  9:34  Marine x6, Medivac x2  
  133  9:38  Marine  
  144  9:39  Marine x2, Siege Tank  
  144  9:43  Terran Infantry Armor Level 2  
  144  9:44  Planetary Fortress  
  149  9:47  Factory Tech Lab  
  149  9:52  Marine x6  
  155  9:55  SCV x2  
  155  9:56  Marine  
  155  9:57  Marine x2  
  155  9:59  SCV  
  157  10:09  Marine x5  
  157  10:10  Marine  
  157  10:12  Siege Tank  
  157  10:13  Marine  
  167  10:14  Marine  
  167  10:15  Marine  
  167  10:27  Marine x5  
  167  10:28  Marine  
  153  10:31  Marine  
  153  10:32  Marine x2, Siege Tank  
  153  10:33  Viking x2  
  146  10:45  Marine x4  
  150  10:51  Marine x3  
  153  11:02  Marine, Viking  
  153  11:03  Marine x4  
  151  11:06  Viking, Siege Tank  
  153  11:14  Marine x2  
  153  11:16  Marine x2  
  157  11:20  Marine x2  
  157  11:31  Marine x2  
  157  11:32  Marine x2, Viking  
  160  11:35  Supply Depot  
  160  11:36  Medivac  
  160  11:37  Supply Depot  
  159  12:02  Marine x6, Medivac  
  159  12:05  Marine x2  
  166  12:09  Marine  
  172  12:20  Marine x4  
  172  12:22  Marine x2  
  181  12:37  Command Center  
Tags
 
Add a new tag
Caveats
  • Supply blocks, unpowered buildings, or Contaminate may cause inaccurate times.
  • Supply counts are checked every 10 seconds.